 Dungeon Crawl Stone Soup version 0.28.0-62-gf88900778d (webtiles) character file.

Game seed: 5936653365762773459

6360 cbfl8 the Cleaver (level 10, -1/136 HPs)
             Began as a Minotaur Berserker on Mar 9, 2023.
             Was an Elder of Trog.
             Slain by a large abomination (6 damage)
             ... on level 2 of the Abyss.
             The game lasted 00:12:29 (9809 turns).

cbfl8 the Cleaver (Minotaur Berserker)              Turns: 9809, Time: 00:12:29

Health: -1/136     AC: 14    Str: 22    XL:     10   Next: 65%
Magic:  9/9        EV: 10    Int: 10    God:    Trog [****..]
Gold:   236        SH:  5    Dex: 14    Spells: 9/9 levels left

rFire   . . .      SeeInvis .   g - +0 hand axe (venom)
rCold   . . .      Faith    .   (no shield)
rNeg    . . .      Spirit   .   B - +0 chain mail
rPois   .          Reflect  +   (helmet restricted)
rElec   +          Harm     .   u - +0 cloak
rCorr   +          Rampage  .   x - +0 pair of gloves
Will    .....                   (no boots)
Stlth   ..........              F - amulet of reflection
HPRegen 0.00/turn               l - +6 ring of intelligence
MPRegen 0.11/turn               m - ring "Bisucimo" {Fly rElec rCorr}

@: berserking, sick, flying, very quick
A: horns 2, retaliatory headbutt
a: Renounce Religion, Berserk, Trog's Hand, Brothers in Arms


You were on level 2 of the Abyss.
You worshipped Trog.
Trog was greatly pleased with you.
You visited 1 branch of the dungeon, and saw 9 of its levels.
You visited the Abyss 1 time.

You collected 476 gold pieces.
You spent 240 gold pieces at shops.

Inventory:

Hand Weapons
 g - a +0 hand axe of venom (weapon)
Armour
 u - a +0 cloak (worn)
 x - a +0 pair of gloves (worn)
 B - a +0 chain mail (worn)
Jewellery
 l - a +6 ring of intelligence (left hand)
 m - the ring "Bisucimo" (right hand) {Fly rElec rCorr}
   (You found it on level 2 of the Dungeon)

   [ring of resist corrosion]

   rElec:     It insulates you from electricity.
   Fly:       It grants you flight.
   rCorr:     It protects you from acid and corrosion.
 F - an amulet of reflection (around neck)
Wands
 y - a wand of polymorph (7) (quivered)
Scrolls
 c - 2 scrolls of noise
 e - 3 scrolls of enchant weapon
 f - a scroll of magic mapping
 i - a scroll of brand weapon {unknown}
 j - 5 scrolls of teleportation
 n - a scroll of silence
 p - a scroll of summoning
 q - a scroll of fear {unknown}
 r - a scroll of blinking {unknown}
 s - a scroll of fog {unknown}
 G - a scroll of enchant armour {unknown}
Potions
 b - 4 potions of curing {unknown}
 d - 2 potions of lignification {unknown}
 h - 2 potions of ambrosia {unknown}
 k - 3 potions of brilliance {unknown}
 t - a potion of invisibility {unknown}
 v - a potion of mutation {unknown}
 w - 2 potions of flight {unknown}
 z - a potion of degeneration {unknown}
 A - a potion of resistance {unknown}
 C - a potion of might {unknown}
 D - a potion of haste {unknown}
 E - a potion of cancellation {unknown}


   Skills:
 * Level 9.3 Fighting
 + Level 10.2 Axes
 * Level 10.1 Armour
 + Level 4.4 Dodging
 * Level 4.9 Stealth
 + Level 1.2 Shields
 * Level 5.5 Evocations


You had 9 spell levels left.
You didn't know any spells.
Your spell library was empty.

Dungeon Overview and Level Annotations

Branches:
Dungeon (9/15)             Temple (0/1) D:7             Orc (0/2) D:9
   Lair: D:8-11

Altars:
Ashenzari
Nemelex Xobeh
Vehumet
Xom
The Shining One

Shops:
D:6 !   D:7 (   D:9 (


Innate Abilities, Weirdness & Mutations

You have a pair of horns on your head.
You reflexively headbutt those who attack you in melee.


Message History

The hellwing is almost dead.
You hit the large abomination. The hellwing hits you!
* * * LOW HITPOINT WARNING * * *
The hellwing hits you but does no damage.
You hit the hellwing. You headbutt the hellwing.
You kill the hellwing!
That felt strangely unrewarding.
You hit the large abomination but do no damage.
You block the large abomination's attack.
You slash the large abomination!
The large abomination is moderately damaged.
You hit the large abomination. You headbutt the large abomination.
The large abomination is heavily damaged.
The large abomination closely misses you.
You closely miss the large abomination.
Your headbutt misses the large abomination.
The large abomination is heavily damaged.
The large abomination hits you!!
* * * LOW HITPOINT WARNING * * *
You slash the large abomination! You headbutt the large abomination.
The large abomination is moderately damaged.
You hit the large abomination but do no damage.
You slash the large abomination!
Your headbutt misses the large abomination.
The large abomination is severely damaged.
You hit the large abomination. You hit the large abomination.
You headbutt the large abomination.
The large abomination is almost destroyed.
You completely miss the large abomination.
The large abomination barely misses you.
You furiously retaliate!
You headbutt the large abomination.
You destroy the large abomination!
That felt strangely unrewarding.
The large abomination completely misses you.
You hit the large abomination but do no damage.
The large abomination is moderately damaged.
You barely miss the large abomination.
The large abomination is moderately damaged.
The large abomination hits you.
You die...

..... . . .....ยง.
......... .# ......
....... . . #....
.....#. .# # #
#...###...## ... . ..
.....#.....#....# #
.................. #
..................#..#
. .........X@.5......
..#.....#.....#...# #
##... ##...## .. ##..
#.... .....#. .# # .
... . ....... . .
.##..##..##..##.. ## #
. # . ..##..# # ## #.
.#.. .# .# . ###


You could see a large abomination and an iron imp.

Vanquished Creatures
  An anaconda (D:8)
  A centaur zombie (D:7)
  2 eyes of devastation (D:8)
  A gargoyle (D:8)
  A hellwing (Abyss:2)
  An ancient zyme (Abyss:2)
  Prince Ribbit (D:5)
  A hornet (D:9)
  2 wyverns
  Sigmund (D:2)
  A steam dragon (D:9)
  A water moccasin (D:8)
  A small abomination (Abyss:2)
  A sky beast (D:6)
  4 orc warriors (D:9)
  2 black bears
  2 necrophages
  2 large abominations (Abyss:2)
  2 ogres (D:6)
  2 centaurs
  A phantom (D:6)
  4 kobold brigands
  A bullfrog (D:6)
  A scorpion (D:4)
  A water moccasin skeleton (D:4)
  5 killer bees (D:7)
  3 howler monkeys
  5 wights (D:7)
  2 electric eels (D:9)
  A quasit (Abyss:2)
  2 bullfrog skeletons
  A hound (D:6)
  2 jellies (D:5)
  2 gnoll shamans
  2 orc priests
  Crazy Yiuf (D:4)
  A centaur skeleton (D:7)
  Ijyb (D:5)
  2 iguanas
  Natasha (thrice) (D:4)
  4 orc wizards (D:9)
  7 gnolls
  8 adders
  3 shadow imps
  2 ufetubi (D:5)
  An adder zombie (D:5)
  3 worms
  3 dart slugs
  20 orcs
  6 ball pythons
  6 endoplasms
  3 giant cockroaches (D:3)
  9 goblins
  7 hobgoblins
  12 jackals
  28 kobolds
  2 quokkas (D:3)
  6 bats
  4 frilled lizards
  6 rats
211 creatures vanquished.

Vanquished Creatures (collateral kills)
  Maggie (D:9)
1 creature vanquished.

Vanquished Creatures (others)
  4 fungi (D:4)
4 creatures vanquished.

Grand Total: 216 creatures vanquished

Notes
Turn   | Place    | Note
-------+----------+-------------------------------------------
     0 | D:1      | cbfl8 the Minotaur Berserker began the quest for the Orb.
     0 | D:1      | Reached XP level 1. HP: 19/19 MP: 0/0
   130 | D:1      | Found a faded altar of an unknown god.
   265 | D:1      | Reached XP level 2. HP: 26/27 MP: 1/1
   974 | D:1      | Reached XP level 3. HP: 33/33 MP: 2/2
  1109 | D:2      | Reached ** piety under Trog
  1113 | D:2      | You fall into a shaft and drop 2 floors!
  1185 | D:4      | Reached skill level 1 in Evocations
  1185 | D:4      | Reached XP level 4. HP: 40/40 MP: 3/3
  1533 | D:2      | Noticed Sigmund
  1538 | D:2      | Killed Sigmund
  1539 | D:2      | Reached skill level 5 in Axes
  1539 | D:2      | Reached skill level 1 in Stealth
  1539 | D:2      | Reached XP level 5. HP: 36/47 MP: 4/4
  1569 | D:2      | Reached XP level 6. HP: 53/53 MP: 5/5
  1706 | D:2      | Identified the ring "Bisucimo" {Fly rElec rCorr}
  1968 | D:3      | Reached *** piety under Trog
  2498 | D:4      | Noticed Natasha
  2508 | D:4      | Killed Natasha
  2594 | D:4      | Reached skill level 5 in Fighting
  2709 | D:4      | Noticed Natasha
  2715 | D:4      | Killed Natasha
  2718 | D:4      | Reached XP level 7. HP: 38/61 MP: 6/6
  2846 | D:4      | Found a runed translucent door.
  2847 | D:4      | Noticed Crazy Yiuf
  2854 | D:4      | Killed Crazy Yiuf
  2923 | D:4      | Noticed Natasha
  2931 | D:4      | Killed Natasha
  3026 | D:5      | Entered Level 5 of the Dungeon
  3177 | D:5      | Noticed Prince Ribbit
  3197 | D:5      | Killed Prince Ribbit
  3198 | D:5      | Reached skill level 5 in Armour
  3511 | D:5      | Noticed Ijyb
  3531 | D:5      | Killed Ijyb
  3532 | D:5      | Reached XP level 8. HP: 54/70 MP: 7/7
  4597 | D:6      | Found Ozxomydo's Distillery.
  4600 | D:6      | Bought a potion of heal wounds for 60 gold pieces
  4775 | D:7      | Reached **** piety under Trog
  4871 | D:7      | Found Huitef's Antique Weapon Boutique.
  4905 | D:7      | Reached XP level 9. HP: 49/79 MP: 8/8
  5128 | D:7      | Found a staircase to the Ecumenical Temple.
  6088 | D:8      | Noticed an eye of devastation
  6088 | D:8      | a slime creature changed into an eye of devastation
  6088 | D:8      | Noticed an eye of devastation
  6088 | D:8      | a slime creature changed into an eye of devastation
  6088 | D:8      | Noticed a sea snake
  6088 | D:8      | a slime creature changed into a sea snake
  6088 | D:8      | Noticed an anaconda
  6088 | D:8      | a slime creature changed into an anaconda
  6415 | D:8      | Noticed a gargoyle
  6425 | D:8      | Killed a gargoyle
  6672 | D:8      | Killed an eye of devastation
  6673 | D:8      | Reached XP level 10. HP: 88/88 MP: 9/9
  6683 | D:8      | Killed an eye of devastation
  6684 | D:8      | Reached skill level 5 in Evocations
  6762 | D:8      | Killed an anaconda
  7215 | D:9      | Noticed Maggie
  7241 | D:9      | Killed Maggie
  7242 | D:9      | Reached skill level 10 in Axes
  7796 | D:9      | Found a broken altar of Ashenzari.
  7796 | D:9      | Found a shimmering altar of Xom.
  7796 | D:9      | Found a radiant altar of Vehumet.
  7798 | D:9      | Found Peiduer's Antique Weapon Shop.
  7806 | D:9      | Bought a glowing hand axe for 180 gold pieces
  7939 | D:9      | Paralysed by a hornet for 2 turns
  8553 | D:9      | Found a glowing golden altar of the Shining One.
  8555 | D:9      | Found a sparkling altar of Nemelex Xobeh.
  8584 | D:9      | Reached skill level 1 in Shields
  8827 | D:9      | Reached ***** piety under Trog
  8828 | D:9      | Reached skill level 10 in Armour
  9212 | D:9      | Found a staircase to the Orcish Mines.
  9404 | D:9      | Noticed a wizard
  9406 | D:9      | Cast into level 2 of the Abyss (a wizard)
  9418 | Abyss:2  | Noticed a thrashing horror
  9524 | Abyss:2  | Noticed a wretched star
  9557 | Abyss:2  | Noticed a caustic shrike zombie
  9572 | Abyss:2  | Noticed a starcursed mass
  9621 | Abyss:2  | Noticed a smoke demon
  9699 | Abyss:2  | Noticed a tentacled starspawn
  9804 | Abyss:2  | HP: 5/136 [large abomination (33)]
  9809 | Abyss:2  | Slain by a large abomination

Illustrated notes

Levels and vault maps discovered:
D:1:      co_arrival_square_in_a_square_in_a_square, layout_loops_ring,
          hellmonk_ecumenical_altar_run_dry, hangedman_decor_push,
          nicolae_concentric_dashed_squares_wild, grunt_decor_cap
D:2:      layout_rooms, serial_glass, glass_columns_b, glass_columns_c,
          minivault_14, uniq_sigmund
D:3:      minmay_chambers_of_threes, layout_basic, minmay_misc_feat_four_crosses
D:4:      layout_rooms, uniq_natasha, uniq_crazy_yiuf_cottage
D:5:      layout_loops_ring, uniq_prince_ribbit1, uniq_ijyb
D:6:      layout_loops_corners, serial_shops, kennysheep_mini_moat
D:7:      layout_cave_pools, minmay_temple_entry_statues, serial_shops,
          nicolae_diamond_shop, grunt_ministairs_9
D:8:      layout_loops_corners, roderic_lattice_a
D:9:      layout_roguey, chequers_temple_overflow_statue_of_worship,
          nicolae_overflow_squiral, david_orc_4, serial_shops,
          nicolae_square_shop, minmay_holes, laboratory, uniq_maggie
Abyss:2:  base: D:1, minivault_27, hangedman_elemental_corridor,
          bh_abyss_negative

Skill      XL: |  1  2  3  4  5  6  7  8  9 10 |
---------------+-------------------------------+-----
Axes           | 4 5 6 7 8 9 10 | 10.2
Fighting       | 4 5 7 8 9 |  9.3
Evocations     | 1 2 3 4 5 |  5.5
Armour         | 3 4 5 7 8 10 | 10.1
Stealth        | 1 2 3 4 |  4.9
Dodging        | 3 4 |  4.4
Shields        | 1 |  1.2

Action                   |  1- 3 |  4- 6 |  7- 9 | 10-12 || total
-------------------------+-------+-------+-------+-------++-------
Melee: Hand axe          |    68 |   146 |   297 |   174 ||   685
       Headbutt          |    12 |    30 |    58 |    51 ||   151
       Punch             |     1 |       |     6 |     1 ||     8
       Unarmed           |       |       |    16 |       ||    16
Invok: Berserk           |       |       |     5 |     5 ||    10
       Brothers in Arms  |       |       |       |     2 ||     2
       Trog's Hand       |       |       |       |     1 ||     1
Evoke: Wand              |       |       |     1 |       ||     1
  Use: Scroll            |       |       |    11 |     2 ||    13
       Potion            |       |       |     1 |     1 ||     2
Armor: Animal skin       |     6 |       |       |       ||     6
       Ring mail         |     7 |    41 |     1 |       ||    49
       Scale mail        |       |       |    35 |       ||    35
       Skin              |       |       |     1 |       ||     1
       Chain mail        |       |       |   156 |    73 ||   229
Dodge: Dodged            |    35 |    59 |   167 |    88 ||   349
Block: Other             |       |       |       |    45 ||    45
